 Dungeon Crawl Stone Soup version 0.24.0-13-gcf9b319 (webtiles) character file.

Game seed: 8883329989604949898, levelgen mode: deterministic

235045 Faca the Acrobat (level 19, -2/163 HPs)
             Began as a Merfolk Gladiator on Feb 3, 2020.
             Was the Champion of Okawaru.
             Slain by a deep troll shaman (20 damage)
             ... led by an ironheart preserver
             ... on level 1 of the Vaults.
             The game lasted 01:58:44 (45408 turns).

Faca the Acrobat (Merfolk Gladiator)               Turns: 45408, Time: 01:58:49

Health: -2/163     AC: 17    Str: 28    XL:     19   Next: 16%
Magic:  26/26      EV: 34    Int: 11    God:    Okawaru [******]
Gold:   909        SH: 18    Dex: 28    Spells: 18/18 levels left

rFire    . . .     SeeInvis .   g - +4 demon trident (elec)
rCold    x . .     Gourm    .   C - +2 shield
rNeg     + . .     Faith    .   S - +4 ring mail of the Untouchables {rCorr Slay+3 Stlth+}
rPois    +         Spirit   .   z - +2 helmet
rElec    +         Reflect  .   V - +0 cloak (curse)
rCorr    +         Harm     .   o - +2 pair of gloves
MR       +++..                  e - +0 pair of boots "Yzigh" {rElec rC- Int+2 Dex+10}
Stlth    +++.......             U - amulet "Puhitt" {MR+ Regen+ Int+2}
HPRegen  0.77/turn              j - ring "Xaizunt" {+Fly rPois rN+ Str+8 Int-4}
MPRegen  0.20/turn              B - ring "Pong" {MR+ Int+4}

@: no status effects
A: change form in water, swift swim, stealthy swim
}: 2/15 runes: decaying, serpentine
a: Heroism, Finesse, Renounce Religion, Evoke Flight


You were on level 1 of the Vaults.
You worshipped Okawaru.
Okawaru was exalted by your worship.
You were not hungry.

You visited 7 branches of the dungeon, and saw 33 of its levels.
You visited 1 bazaar.
You also visited: Sewer.

You collected 3986 gold pieces.
You spent 3077 gold pieces at shops.

Inventory:

Hand Weapons
 g - a +4 demon trident of electrocution (weapon)
Missiles
 d - 4 throwing nets (quivered)
 L - 12 silver javelins
 M - 12 javelins
Armour
 e - the +0 pair of boots "Yzigh" (worn) {rElec rC- Int+2 Dex+10}
   (You acquired it on level 3 of the Snake Pit)

   It affects your intelligence (+2).
   It affects your dexterity (+10).
   It makes you vulnerable to cold.
   It insulates you from electricity.
 o - a +2 pair of gloves (worn)
 z - a +2 helmet (worn)
 C - a +2 shield (worn)
 K - a +1 pair of boots of running
 S - the +4 ring mail of the Untouchables (worn) {rCorr Slay+3 Stlth+}
   (You found it on level 2 of the Swamp)

   It affects your accuracy and damage with ranged weapons and melee attacks
   (+3).
   It provides partial protection from all sources of acid and corrosion.
   It makes you more stealthy.
 V - a cursed +0 cloak (worn)
Jewellery
 j - the ring "Xaizunt" (left hand) {+Fly rPois rN+ Str+8 Int-4}
   (You bought it in a shop on level 2 of the Orcish Mines)

   [ring of flight]

   It affects your strength (+8).
   It affects your intelligence (-4).
   It protects you from poison.
   It protects you from negative energy.
   It lets you fly.
 y - an uncursed ring of resist corrosion
 B - the ring "Pong" (right hand) {MR+ Int+4}
   (You found it on level 5 of the Dungeon)

   [ring of protection from magic]

   It affects your intelligence (+4).
   It affects your resistance to hostile enchantments.
 F - an uncursed ring of protection from cold
 H - an uncursed ring of see invisible
 U - the amulet "Puhitt" (around neck) {MR+ Regen+ Int+2}
   (You acquired it on level 3 of the Snake Pit)

   [amulet of regeneration]

   It affects your intelligence (+2).
   It affects your resistance to hostile enchantments.
   It increases your rate of regeneration.
Wands
 u - a wand of paralysis (29)
 v - a wand of acid (32)
 x - a wand of clouds (6)
 A - a wand of digging (17)
Scrolls
 a - 20 scrolls of teleportation
 b - a scroll of holy word
 c - 8 scrolls of identify
 i - 8 scrolls of fear
 l - 2 scrolls of fog
 q - a scroll of brand weapon
 t - 21 scrolls of remove curse
 w - 3 scrolls of magic mapping
 I - a scroll of blinking
 J - 2 scrolls of silence
 Q - a scroll of summoning
 R - 2 scrolls of enchant armour
Potions
 h - 9 potions of brilliance
 k - 3 potions of cancellation
 m - 4 potions of lignification
 n - 10 potions of flight
 p - 6 potions of heal wounds
 r - 11 potions of curing
 s - 8 potions of agility
 D - 5 potions of haste
 E - a potion of berserk rage
 N - a potion of ambrosia
 O - 2 potions of might
 T - 2 potions of mutation
Comestibles
 f - 37 rations
 G - a chunk of flesh


   Skills:
 + Level 17.9 Fighting
 + Level 22.2 Polearms
 - Level 2.0 Throwing
 + Level 22.3 Dodging
 + Level 15.6 Shields
 - Level 10.0 Invocations


You had 18 spell levels left.
You didn't know any spells.
Your spell library contained the following spells:

 Spells                   Type           Power        Failure   Level  Hunger
 Animate Skeleton         Necr           N/A          45%         1    ##.....
 Apportation              Tloc           #.....       45%         1    ##.....
 Beastly Appendage        Tmut           #.....       45%         1    ##.....
 Confusing Touch          Hex            #.....       45%         1    ##.....
 Corona                   Hex            #......      45%         1    ##.....
 Magic Dart               Conj           #...         45%         1    ##.....
 Shock                    Conj/Air       #...         45%         1    ##.....
 Sting                    Conj/Pois      #...         45%         1    ##.....
 Summon Butterflies       Summ           #.......     45%         1    ##.....
 Summon Small Mammal      Summ           #...         45%         1    ##.....
 Blink                    Tloc           N/A          61%         2    ###....
 Call Imp                 Summ           #.......     61%         2    ###....
 Ensorcelled Hibernation  Hex/Ice        #.....       61%         2    ###....
 Poisonous Vapours        Pois/Air       #.....       61%         2    ###....
 Searing Ray              Conj           #.....       61%         2    ###....
 Slow                     Hex            #.......     61%         2    ###....
 Sticks to Snakes         Tmut           #.......     61%         2    ###....
 Sublimation of Blood     Necr           #.........   61%         2    ###....
 Swiftness                Chrm/Air       #.......     61%         2    ###....
 Call Canine Familiar     Summ           #.......     83%         3    ####...
 Confuse                  Hex            #.......     83%         3    ####...
 Conjure Flame            Conj/Fire      #.......     83%         3    ####...
 Dazzling Spray           Conj/Hex       #.....       83%         3    ####...
 Gell's Gravitas          Tloc           #.........   83%         3    ####...
 Ignite Poison            Fire/Tmut/Pois #.......     83%         3    ####...
 Mephitic Cloud           Conj/Pois/Air  #.......     83%         3    ####...
 Spider Form              Tmut/Pois      #.........   83%         3    ####...
 Static Discharge         Conj/Air       #.......     83%         3    ####...
 Summon Guardian Golem    Hex/Summ       #.......     83%         3    ####...
 Tukima's Dance           Hex            #.......     83%         3    ####...
 Airstrike                Air            #.........   99%         4    #####..
 Cause Fear               Hex            #.........   99%         4    #####..
 Force Lance              Conj/Tloc      #.......     99%         4    #####..
 Fulminant Prism          Conj/Hex       #.........   99%         4    #####..
 Ice Form                 Ice/Tmut       #.......     99%         4    #####..
 Iskenderun's Mystic Bla  Conj           #.......     99%         4    #####..
 Olgreb's Toxic Radiance  Pois           #.......     99%         4    #####..
 Petrify                  Tmut/Erth      #.......     99%         4    #####..
 Summon Ice Beast         Ice/Summ       #.......     99%         4    #####..
 Summon Lightning Spire   Summ/Air       #.......     99%         4    #####..
 Alistair's Intoxication  Tmut/Pois      #.......     100%        5    ######.
 Blade Hands              Tmut           #.........   100%        5    ######.
 Irradiate                Conj/Tmut      #.........   100%        5    ######.
 Lightning Bolt           Conj/Air       #.........   100%        5    ######.
 Metabolic Englaciation   Hex/Ice        #.........   100%        5    ######.
 Silence                  Hex/Air        #.........   100%        5    ######.
 Summon Mana Viper        Hex/Summ       #.......     100%        5    ######.
 Venom Bolt               Conj/Pois      #.........   100%        5    ######.
 Yara's Violent Unravell  Hex/Tmut       #.........   100%        5    ######.
 Deflect Missiles         Chrm/Air       #.........   100%        6    #######
 Hydra Form               Tmut           #.........   100%        6    #######
 Statue Form              Tmut/Erth      #........    100%        6    #######
 Dragon Form              Tmut           #.........   100%        7    #######
 Summon Hydra             Summ           #.........   100%        7    #######
 Discord                  Hex            #.........   100%        8    #######


Dungeon Overview and Level Annotations

Branches:
Dungeon (15/15)            Temple (1/1) D:7            Lair (6/6) D:9
  Swamp (4/4) Lair:4        Snake (4/4) Lair:4        Slime (0/5) Lair:5
    Orc (2/2) D:9             Elf (0/3) Orc:2        Vaults (1/5) D:14
 Depths (0/5) D:15          Sewer (visited)

Altars:
Ashenzari
Cheibriados
Dithmenos
Elyvilon
Fedhas
Gozag
Hepliaklqana
Kikubaaqudgha
Makhleb
Nemelex Xobeh
Okawaru
Qazlal
Ru
Sif Muna
Trog
Uskayaw
Vehumet
Wu Jian
Xom
Yredelemnul
Zin
The Shining One

Shops:
D:4 (}[   D:10 =   D:11 (   D:13 :   Orc:2 =[=[   Snake:2 }=}   Snake:4 *

Annotations:
Abyss:1 Blork the orc, Psyche


Message History

You block the deep troll shaman's attack.
The ironheart preserver barely misses you.
You closely miss the deep troll shaman. You block the deep troll's attack.
The deep troll completely misses you. x4; You block the deep troll's attack.
The deep troll shaman completely misses you.
The deep troll shaman barely misses you.
The deep troll shaman claws you but does no damage.
You barely miss the deep troll shaman. The deep troll bites you!!
You block the deep troll's attack. The deep troll claws you!
You block the ironheart preserver's attack.
The deep troll misses you. You block the deep troll's attack.
The deep troll completely misses you.
You puncture the deep troll shaman!
The deep troll shaman is lightly wounded.
The deep troll bites you!!
* * * LOW HITPOINT WARNING * * *
You block the deep troll's attack. x2
You block the deep troll shaman's attack.
The deep troll shaman misses you. The deep troll shaman claws you!!
You die...

.. ##. .....# #..# #.....#
... #.....# # .. #.....# #.#.
#.....# #..T##.....#
O........ #.T@#.....# >......
#..#..#pT.[...# .......
#..#...†#.....# .......
#..#....#.....# .....
#..#.#..#.....#
##########..#...##.....#
............##.. #....(###+#+
.....().....#... #...........
.....).)....######...........


You could see an ironheart preserver, 2 deep trolls and a deep troll shaman.

Vanquished Creatures
  Vashnia (Snake:3)
  Saint Roka (Snake:3)
  Jorgrun (Snake:3)
  Rupert (Lair:6)
  Asterion (Snake:2)
  3 thorn hunters
  Roxanne (Swamp:1)
  8 nagarajas
  Donald (Swamp:4)
  A very ugly thing (Swamp:2)
  The ghost of Ribudoz the Blocker, a journeyman GnFi of Okawaru (Lair:5)
  Nessos (D:14)
  4 fire dragons
  Erolcha (D:13)
  A rakshasa (Vaults:1)
  3 ghost crabs
  2 ice dragons
  14 hydras
  2 shambling mangroves
  15 naga warriors
  8 anacondas
  7 centaur warriors
  2 two-headed ogres
  A catoblepas (Lair:6)
  15 alligators
  A deep troll shaman (Vaults:1)
  4 death yaks (Lair:6)
  3 tengu warriors
  16 naga sharpshooters
  5 orc high priests (Orc:2)
  11 shock serpents
  A deep elf knight (Vaults:1)
  A fire crab (shapeshifter) (D:13)
  Sonja (Lair:6)
  4 skeletal warriors
  2 unseen horrors
  3 wizards
  A deep troll (Vaults:1)
  9 sea snakes (Snake:4)
  A deep elf archer (Vaults:1)
  4 naga ritualists
  11 swamp dragons
  2 lindwurms (Lair:6)
  An ironbrand convoker (Vaults:1)
  12 orc knights
  6 mana vipers
  2 deep elf magi
  4 cyclopes
  4 orc sorcerers
  8 oklob plants
  9 ugly things
  2 manticores
  22 black mambas
  11 elephants
  7 salamanders
  5 torpor snails (Lair:6)
  7 guardian serpents
  24 naga magi
  Maurice (D:9)
  A gargoyle (D:14)
  14 spiny frogs
  2 rime drakes (Lair:6)
  2 kobold demonologists (D:11)
  A freezing wraith (D:15)
  5 komodo dragons
  A yaktaur (shapeshifter) (D:12)
  An efreet (D:15)
  2 tengu conjurers
  2 yaktaurs (Vaults:1)
  10 tyrant leeches
  A queen bee (D:9)
  7 trolls
  A polar bear (Lair:4)
  15 hornets
  Grinder (D:5)
  7 blink frogs
  13 slime creatures
  5 dream sheep
  8 hippogriffs
  10 bog bodies
  2 meliai zombies
  3 spriggans (Swamp:2)
  A centaur simulacrum (D:11)
  Sigmund (D:4)
  3 shadows
  A wraith (D:14)
  3 wyverns
  11 yaks
  2 basilisks
  A vampire (D:11)
  3 hungry ghosts
  A hog (shapeshifter) (D:15)
  2 steam dragons
  52 nagas
  16 vampire mosquitoes
  3 wargs
  3 acid dragons
  12 swamp worms
  17 insubstantial wisps
  9 water moccasins
  7 porcupines
  39 orc warriors
  2 sky beasts
  Duvessa (D:6)
  2 black bears (D:6)
  10 swamp drakes
  A phantom (D:8)
  2 ice beasts
  A necrophage (D:11)
  10 ogres
  16 wolves
  12 crocodiles
  3 centaurs
  8 big kobolds
  16 bullfrogs
  A gnoll sergeant (Orc:1)
  A wyvern zombie (D:14)
  A wyvern skeleton (D:11)
  Dowan (D:6)
  6 scorpions
  15 killer bees
  4 wights (D:15)
  2 electric eels
  2 howler monkeys
  7 crimson imps
  A bullfrog zombie (D:12)
  2 centaur zombies
  3 quasits
  A bullfrog skeleton (D:6)
  24 orc priests
  5 jellies
  A gnoll shaman (Orc:2)
  6 hounds
  14 orc wizards
  Crazy Yiuf (D:6)
  A centaur skeleton (D:12)
  2 iguanas
  7 worker ants
  4 hell rats (Lair:5)
  2 hound skeletons
  13 gnolls
  10 adders
  6 shadow imps
  A worm (D:5)
  2 dart slugs
  8 leopard geckos
  77 orcs
  3 ball pythons
  8 giant cockroaches
  7 goblins
  A hobgoblin (D:1)
  3 jackals (D:4)
  5 quokkas
  8 bats
  7 frilled lizards
  2 goblin skeletons (D:9)
  A hobgoblin zombie (D:9)
  59 kobolds
  12 kobold skeletons
  9 kobold zombies
  A leopard gecko skeleton (D:4)
  2 leopard gecko zombies
  An orc skeleton (D:9)
  2 quokka skeletons
  12 rats
  A briar patch (Swamp:2)
1061 creatures vanquished.

Vanquished Creatures (others)
  A two-headed ogre (D:9)
  2 death yaks
  A deep elf knight (Vaults:1)
  A guardian serpent (Snake:4)
  A blink frog (Swamp:4)
  A naga (Snake:4)
  2 orc warriors
  A swamp drake (Swamp:3)
  A phantom (D:8)
  A centaur (D:8)
  A big kobold (D:10)
  4 killer bees (D:9)
  A crimson imp (D:9)
  A bullfrog zombie (D:5)
  2 orcs
  4 fungi
  20 plants
45 creatures vanquished.

Grand Total: 1106 creatures vanquished

Notes
Turn   | Place    | Note
-------+----------+-------------------------------------------
     0 | D:1      | Faca the Merfolk Gladiator began the quest for the Orb.
     0 | D:1      | Reached XP level 1. HP: 16/16 MP: 1/1
    98 | D:1      | Reached XP level 2. HP: 23/23 MP: 2/2
   191 | D:1      | Reached skill level 5 in Polearms
   465 | D:1      | Reached XP level 3. HP: 29/29 MP: 3/3
   947 | D:2      | Reached XP level 4. HP: 32/35 MP: 4/4
  1318 | D:2      | Found an opulent altar of Gozag.
  1601 | D:3      | Found a shimmering altar of Xom.
  1636 | D:3      | Found a glowing drain.
  1658 | Sewer    | Entered a sewer
  1743 | Sewer    | Noticed a big kobold
  1752 | Sewer    | Killed a big kobold
  1752 | Sewer    | Reached XP level 5. HP: 43/43 MP: 5/5
  1878 | Sewer    | Noticed a big kobold
  1892 | Sewer    | Killed a big kobold
  1892 | Sewer    | Reached skill level 5 in Fighting
  1892 | Sewer    | Reached XP level 6. HP: 39/51 MP: 6/6
  2230 | D:3      | Found a sacrificial altar of Ru.
  2240 | D:3      | Found a white marble altar of Elyvilon.
  2271 | D:3      | Found a bloodstained altar of Trog.
  2274 | D:3      | Found a shimmering blue altar of Sif Muna.
  2439 | D:4      | Found Kyem's Antique Armour Emporium.
  2539 | D:4      | Found Opseajei's Antique Weapon Emporium.
  2549 | D:4      | Found Ebarooph's Gadget Shop.
  2645 | D:4      | Noticed Sigmund
  2656 | D:4      | Killed Sigmund
  2656 | D:4      | Reached XP level 7. HP: 51/57 MP: 7/7
  3319 | D:4      | Bought a runed trident for 175 gold pieces
  3336 | D:5      | Entered Level 5 of the Dungeon
  3783 | D:5      | Got a brightly glowing copper ring
  3787 | D:5      | Identified the ring "Pong" {MR+ Int+4} (You found it on
                  | level 5 of the Dungeon)
  4173 | D:6      | Reached XP level 8. HP: 67/67 MP: 8/8
  4191 | D:6      | Reached skill level 10 in Polearms
  4451 | D:6      | Found a bloodstained altar of Trog.
  4502 | D:6      | Noticed Blork the orc
  4508 | D:6      | Banished Blork the orc
  4549 | D:6      | Noticed Duvessa
  4555 | D:6      | Noticed Dowan
  4563 | D:6      | Noticed Grinder
  4583 | D:5      | Killed Grinder
  4715 | D:6      | Killed Dowan
  4777 | D:6      | Reached XP level 9. HP: 75/75 MP: 9/9
  4851 | D:6      | Found an ornate altar of the Wu Jian Council.
  5036 | D:6      | Found a runed translucent door.
  5037 | D:6      | Noticed Crazy Yiuf
  5079 | D:6      | Killed Crazy Yiuf
  5158 | D:6      | Killed Duvessa
  5486 | D:7      | Reached skill level 1 in Shields
  5643 | D:7      | Found a staircase to the Ecumenical Temple.
  5667 | Temple   | Entered the Ecumenical Temple
  5720 | Temple   | Became a worshipper of Warmaster Okawaru
  5890 | D:8      | Found a blossoming altar of Fedhas.
  6037 | D:8      | Reached skill level 5 in Dodging
  6576 | D:9      | Reached skill level 10 in Fighting
  6581 | D:9      | Noticed a queen bee
  6620 | D:8      | Reached * piety under Okawaru
  6949 | D:9      | Killed a queen bee
  6949 | D:9      | Reached XP level 10. HP: 44/85 MP: 10/10
  7218 | D:9      | Noticed Maurice
  7244 | D:9      | Killed Maurice
  7529 | D:9      | Noticed a death yak
  7530 | D:9      | Noticed a death yak
  7530 | D:9      | Noticed a death yak
  7531 | D:9      | Found a staircase to the Lair.
  7531 | D:9      | Noticed a death yak
  7531 | D:9      | Noticed a death yak
  7561 | D:8      | Banished a death yak
  7895 | D:9      | Found a radiant altar of Vehumet.
  7923 | D:9      | Found a glowing golden altar of the Shining One.
  8019 | D:9      | Noticed a two-headed ogre
  8083 | D:9      | Banished a two-headed ogre
  8426 | D:9      | Found a staircase to the Orcish Mines.
  8485 | D:9      | Noticed a death yak
  8486 | D:9      | Noticed a death yak
  8514 | D:9      | Banished a death yak
  8514 | D:9      | Reached skill level 5 in Shields
  8521 | D:9      | Banished a death yak
  8525 | D:9      | Banished a death yak
  8525 | D:9      | Reached XP level 11. HP: 77/93 MP: 11/11
  8785 | D:10     | Entered Level 10 of the Dungeon
  8795 | D:9      | Identified a scroll of acquirement
  8840 | D:10     | Reached ** piety under Okawaru
  9220 | D:10     | Found Cavitush's Jewellery Shoppe.
  9232 | D:10     | Noticed a two-headed ogre
  9624 | D:11     | Noticed Psyche
  9642 | D:11     | Banished Psyche
  9647 | D:11     | Found Muehoaf's Antique Weapon Shop.
  9653 | D:11     | Bought a glowing trident for 110 gold pieces
  9937 | D:11     | Reached *** piety under Okawaru
 10069 | D:11     | Found an ancient bone altar of Kikubaaqudgha.
 10195 | D:11     | Noticed an eight-headed hydra
 10208 | D:11     | Killed an eight-headed hydra
 10208 | D:11     | Reached skill level 15 in Polearms
 10580 | Lair:1   | Entered Level 1 of the Lair of Beasts
 10657 | Lair:1   | Reached skill level 10 in Dodging
 11087 | Lair:1   | Reached **** piety under Okawaru
 11789 | Lair:2   | Noticed a four-headed hydra
 11803 | Lair:2   | Killed a four-headed hydra
 11803 | Lair:2   | Reached skill level 1 in Invocations
 11805 | Lair:2   | Reached XP level 12. HP: 58/102 MP: 5/13
 12001 | Lair:2   | Received a gift from Okawaru
 12445 | Lair:3   | Received a gift from Okawaru
 14206 | Lair:4   | Found a staircase to the Swamp.
 14285 | Lair:4   | Reached ***** piety under Okawaru
 14389 | Lair:4   | Received a gift from Okawaru
 14543 | Lair:4   | Reached skill level 5 in Invocations
 14562 | Lair:4   | Found a staircase to the Snake Pit.
 14952 | Lair:4   | Received a gift from Okawaru
 15842 | Lair:5   | Reached XP level 13. HP: 45/108 MP: 7/17
 16325 | Lair:5   | Got a heavily runed ring mail
 16336 | Lair:5   | Identified the +5 ring mail of the Ward {SInv} (You found
                  | it on level 5 of the Lair of Beasts)
 16417 | Lair:5   | Found a runed translucent gate.
 16417 | Lair:5   | Found a runed translucent gate.
 16417 | Lair:5   | Found a runed translucent gate.
 16418 | Lair:5   | Noticed Ribudoz's ghost (journeyman GnFi)
 16530 | Lair:6   | Entered Level 6 of the Lair of Beasts
 16956 | Lair:6   | Noticed Rupert
 16991 | Lair:6   | Killed Rupert
 17300 | Lair:6   | Received a gift from Okawaru
 17345 | Lair:6   | Reached skill level 10 in Shields
 17659 | Lair:6   | Noticed Sonja
 17662 | Lair:6   | Killed Sonja
 18159 | Lair:6   | Got a distressingly furry chain mail {god gift}
 18163 | Lair:6   | Identified the +1 chain mail of the Leaf {rC+ Int+4 Dex-2}
                  | (Okawaru gifted it to you on level 6 of the Lair of Beasts)
 18734 | Lair:6   | Found a runed translucent door.
 18979 | Lair:6   | Noticed a fire dragon
 19120 | Lair:6   | Received a gift from Okawaru
 19528 | Lair:5   | Killed Ribudoz's ghost
 19681 | Orc:1    | Entered Level 1 of the Orcish Mines
 19685 | Orc:1    | Reached XP level 14. HP: 118/118 MP: 20/20
 19947 | Orc:2    | Entered Level 2 of the Orcish Mines
 20054 | Orc:2    | Found a flickering gateway to a bazaar.
 20111 | Bazaar   | Entered a bazaar
 20149 | Bazaar   | Found Itiqehut's Assorted Antiques.
 20188 | Bazaar   | Found Sitoqab's Weapon Emporium.
 20199 | Bazaar   | Found Dafoh's Antique Armour Emporium.
 20241 | Bazaar   | Bought a pair of glowing boots for 135 gold pieces
 20274 | Bazaar   | Bought a large bronze ring for 85 gold pieces
 20274 | Bazaar   | Bought a scroll labeled EREWOTH DEKUTE for 17 gold pieces
 20274 | Bazaar   | Bought a potion of haste for 170 gold pieces
 21961 | Orc:2    | Found a staircase to the Elven Halls.
 21976 | Orc:2    | Paralysed by an orc sorcerer for 6 turns
 24100 | Orc:2    | Reached skill level 15 in Dodging
 24618 | Orc:2    | Found Hatobuha's Jewellery Shoppe.
 24618 | Orc:2    | Found Qugooz's Antique Armour Shoppe.
 24619 | Orc:2    | Found Joarez's Antique Armour Shoppe.
 24619 | Orc:2    | Found Rubovutz's Jewellery Emporium.
 24629 | Orc:2    | Bought an uncursed amulet of the acrobat for 420 gold
                  | pieces
 24629 | Orc:2    | Bought a cursed amulet of inaccuracy for 28 gold pieces
 24631 | Orc:2    | Bought a cursed ring of attention for 58 gold pieces
 24631 | Orc:2    | Bought a cursed -2 ring of evasion for 26 gold pieces
 24637 | Orc:2    | Bought an ancient chain mail for 256 gold pieces
 24637 | Orc:2    | Bought a jewelled cloak for 256 gold pieces
 24637 | Orc:2    | Identified the +2 chain mail "Totixo" {*Drain Int+4 Dex+5}
                  | (You bought it in a shop on level 2 of the Orcish Mines)
 24640 | Orc:2    | Bought a pitted scale mail for 306 gold pieces
 24640 | Orc:2    | Identified the +1 scale mail of the Comet {+Fly MR++} (You
                  | bought it in a shop on level 2 of the Orcish Mines)
 24651 | Orc:2    | Identified the cursed +0 cloak "Hysue" {+Blink +Fly} (You
                  | bought it in a shop on level 2 of the Orcish Mines)
 24652 | Orc:2    | Bought a pair of embroidered boots for 255 gold pieces
 24746 | Orc:2    | Received a gift from Okawaru
 25936 | D:12     | Received a gift from Okawaru
 26974 | D:13     | You fall into a shaft and drop 1 floor!
 26990 | D:14     | Reached skill level 10 in Invocations
 26999 | D:14     | Reached XP level 15. HP: 109/125 MP: 22/22
 27155 | D:14     | Received a gift from Okawaru
 27158 | D:14     | Got a smoking ring mail {god gift}
 27196 | D:14     | Identified the +1 ring mail "Custramni" {Str+2} (Okawaru
                  | gifted it to you on level 14 of the Dungeon)
 27715 | D:14     | Found a gate to the Vaults.
 27839 | D:13     | Noticed Erolcha
 27847 | D:13     | Killed Erolcha
 28281 | D:13     | Found Wueptirr's Book Boutique.
 28870 | D:14     | Noticed Nessos
 28874 | D:14     | Killed Nessos
 29258 | Swamp:1  | Entered Level 1 of the Swamp
 29259 | Swamp:1  | Found a hazy altar of Hepliaklqana.
 29617 | Swamp:1  | Received a gift from Okawaru
 30263 | Swamp:1  | Identified Roxanne's Tome of the Mountains
 30263 | Swamp:1  | Noticed Roxanne
 30281 | Swamp:1  | Received a gift from Okawaru
 30318 | Swamp:1  | Killed Roxanne
 30318 | Swamp:1  | Reached ****** piety under Okawaru
 30925 | Swamp:2  | Noticed a thorn hunter
 30950 | Swamp:2  | Killed a thorn hunter
 31573 | Swamp:2  | Reached XP level 16. HP: 127/134 MP: 23/23
 31621 | Swamp:2  | Identified the +4 ring mail of the Untouchables {rCorr
                  | Slay+3 Stlth+} (You found it on level 2 of the Swamp)
 31664 | Swamp:2  | Received a gift from Okawaru
 31701 | Swamp:2  | Reached skill level 15 in Fighting
 32887 | Swamp:4  | Entered Level 4 of the Swamp
 32887 | Swamp:4  | Noticed Donald
 32903 | Swamp:4  | Killed Donald
 32911 | Swamp:4  | Received a gift from Okawaru
 33708 | Swamp:3  | Received a gift from Okawaru
 34985 | Swamp:4  | Noticed a thorn hunter
 35002 | Swamp:4  | Killed a thorn hunter
 35644 | Swamp:4  | Received a gift from Okawaru
 36860 | Swamp:4  | Got a decaying rune of Zot
 36876 | Swamp:4  | Noticed a thorn hunter
 36892 | Swamp:4  | Killed a thorn hunter
 37524 | Orc:2    | Bought the ring "Xaizunt" {+Fly rPois rN+ Str+8 Int-4} for
                  | 578 gold pieces
 37711 | Snake:1  | Entered Level 1 of the Snake Pit
 37772 | Snake:1  | Reached XP level 17. HP: 144/144 MP: 24/24
 38055 | Snake:1  | Received a gift from Okawaru
 38995 | Snake:2  | Found Dudeg's Gadget Emporium.
 38995 | Snake:2  | Found Kewitwil's Jewellery Shop.
 38996 | Snake:2  | Found Pied Cup's Gadget Emporium.
 39083 | Snake:2  | Noticed Asterion
 39476 | Snake:2  | Noticed an Executioner
 39492 | Snake:2  | Killed Asterion
 39554 | Snake:2  | Received a gift from Okawaru
 39832 | Snake:3  | Got a pair of faintly humming boots
 39833 | Snake:3  | Identified the +0 pair of boots "Yzigh" {rElec rC- Int+2
                  | Dex+10} (You acquired it on level 3 of the Snake Pit)
 39938 | Snake:3  | Noticed Saint Roka
 39980 | Snake:3  | Killed Saint Roka
 40323 | Snake:3  | Noticed Jorgrun
 40335 | Snake:3  | Killed Jorgrun
 40443 | Snake:3  | Noticed Vashnia
 40512 | Snake:3  | Killed Vashnia
 40512 | Snake:3  | Received a gift from Okawaru
 41229 | Snake:3  | Reached XP level 18. HP: 150/153 MP: 25/25
 41487 | Snake:3  | Got a glittering iron amulet
 41488 | Snake:3  | Identified the amulet "Puhitt" {MR+ Regen+ Int+2} (You
                  | acquired it on level 3 of the Snake Pit)
 41509 | Snake:4  | Entered Level 4 of the Snake Pit
 42251 | Snake:4  | Found Hittuiz's Assorted Antiques.
 42261 | Snake:4  | Bought a pair of embroidered gloves for 202 gold pieces
 42621 | Snake:4  | Received a gift from Okawaru
 42626 | Snake:4  | Reached skill level 15 in Shields
 42661 | Snake:4  | Received a gift from Okawaru
 42676 | Snake:4  | HP: 3/155 [naga sharpshooter/bolt (25)]
 42942 | Snake:4  | Identified a +1 pair of boots of running (Okawaru gifted it
                  | to you on level 4 of the Snake Pit)
 43199 | Snake:4  | Got a serpentine rune of Zot
 43625 | Lair:5   | Found a staircase to the Slime Pits.
 44110 | D:15     | Entered Level 15 of the Dungeon
 44822 | D:15     | Reached XP level 19. HP: 162/162 MP: 26/26
 44945 | D:15     | Found a staircase to the Depths.
 45053 | Vaults:1 | Entered Level 1 of the Vaults
 45181 | Vaults:1 | Received a gift from Okawaru
 45408 | Vaults:1 | Slain by a deep troll shaman

Levels and vault maps discovered:
D:1:      dpeg_arrival_boxes_within_box, layout_rooms
D:2:      layout_loops_ring, nicolae_gozag_seed_capital
D:3:      layout_basic, old_standard_altar, amethyst_overflow_temple_binary,
          nicolae_overflow_hidden_temple, portal_sewer_entry_f
D:4:      layout_basic, serial_shops,
          nicolae_shop_temple_entry_statues_fountains, shop, shop, first_ration,
          uniq_sigmund
D:5:      layout_cave_pods, kennysheep_generic_room_6
D:6:      layout_loops_ring, marbit_many_paths, trog_ov_bears_minmay,
          uniq_grinder, uniq_duvessa, uniq_crazy_yiuf_cottage,
          uniq_blork_the_orc
D:7:      layout_rooms, temple_fountains
D:8:      layout_gridville, fedhas_altar_fruit_tree
D:9:      layout_basic, lemuel_crystal_altar, dpeg_lair_monsters,
          hiddenorc1_lemuel, david_nohive_1, nicolae_tso_besieged_by_evil,
          uniq_maurice
D:10:     layout_irregular_city, serial_shops, shop, minmay_unpleasant_kobolds
D:11:     wander_kiku_kobolds, layout_loops_ring, serial_shops, shop,
          uniq_psyche
D:12:     minmay_the_grid_octo_triangle [minmay_the_grid_octo_clover,
          minmay_the_grid_octo_prize_ultimate_mussel_roller,
          minmay_the_grid_octo_chip], layout_basic
D:13:     layout_basic, serial_shops, shop_fountains, uniq_erolcha
D:14:     layout_rooms, david_vaults_1, hex_medium, uniq_nessos
D:15:     grunt_enter_depths_hoard, layout_basic, chequers_arboretum,
          grunt_tough_drop
Temple:   nicolae_temple_god_jail
Lair:1:   layout_gridlike, serial_bayou_pond_d,
          eino_small_chamber_without_monster, grunt_megastairs_2
Lair:2:   layout_cave_shapes
Lair:3:   beast_lair_carwin_large_1, layout_cave_pods, ldierk_geyser,
          columned_hall_lemuel, minmay_lair_oklob_chamber
Lair:4:   layout_long_grid, swamp_mist_pool, dummy_snake_entry, minivault_11
Lair:5:   layout_long_grid, minmay_slime_entry_oklob_enclosed,
          ebering_ghost_rock_garden, serial_bayou_lagoon_a
Lair:6:   wormcave, layout_big_grid, small_statue_intersection, uniq_rupert,
          uniq_sonja
Swamp:1:  layout_falls_marsh, basic_altar, uniq_roxanne
Swamp:2:  layout_basic_swamp, hangedman_swamp_ruin_wall
Swamp:3:  layout_basic_swamp, serial_swamp_ruin, evilmike_swamp_ruin_house_5,
          evilmike_swamp_ruin_rubble_1
Swamp:4:  swamp_alternative, layout_basic_swamp, swamp_pool5,
          nicolae_swamp_orc_logging_accident, uniq_donald
Snake:1:  layout_honeycomb
Snake:2:  layout_grid_shapes, minmay_shop_grove, uniq_asterion
Snake:3:  layout_onion_interference, uniq_jorgrun, uniq_vashnia, uniq_saint_roka
Snake:4:  grunt_snake_rune_pools, layout_gridlike, serial_shops,
          nicolae_shop_statue_plus, nicolae_snake_squiggles, st_stairs_12
Orc:1:    layout_caves, sword_in_stone
Orc:2:    st_orc_pillars, layout_diamond_mine, serial_shops, bzr_entry_customers
Vaults:1: ontoclasm_vaults_gateway, vaults_mumra_hex, grunt_vaults_twisty,
          hangedman_vaults_trim, layout_vaults_quadrants

Skill      XL: |  1  2  3  4  5  6  7  8  9 10 11 12 13 14 15 16 17 18 |
---------------+-------------------------------------------------------+-----
Polearms       | 5 6 7 8 9 11 13 14 15 16 17 18 20 21 22 | 22.2
Fighting       | 3 4 5 7 8 10 11 12 13 14 15 16 17 | 17.9
Shields        | 3 5 7 9 10 11 12 13 14 15 | 15.6
Dodging        | 6 8 10 12 13 16 18 20 21 22 | 22.3
Invocations    | 1 6 8 10 | 10.0
Throwing       | |  2.0

Action                   |  1- 3 |  4- 6 |  7- 9 | 10-12 | 13-15 | 16-18 | 19-21 || total
-------------------------+-------+-------+-------+-------+-------+-------+-------++-------
Melee: Trident           |   104 |   203 |   299 |  1035 |  1408 |       |       ||  3049
       Tailslap          |       |     5 |       |       |    12 |    58 |       ||    75
       Demon trident     |       |       |       |       |   897 |  1480 |   103 ||  2480
Throw: Boomerang         |       |     2 |     2 |       |     4 |       |       ||     8
Invok: Heroism           |       |       |       |     2 |     8 |     6 |       ||    16
       Finesse           |       |       |       |       |     1 |     4 |       ||     5
Evoke: Wand              |       |       |       |     1 |     8 |       |       ||     9
  Use: Scroll            |       |    10 |    11 |     7 |    16 |    13 |       ||    57
       Potion            |       |       |       |       |     8 |    10 |       ||    18
 Stab: Sleeping          |     1 |     3 |       |       |     2 |    11 |     1 ||    18
       Distracted        |       |     1 |       |     1 |       |     5 |       ||     7
       Petrified         |       |       |       |       |     9 |       |       ||     9
       Paralysed         |       |       |       |       |     3 |       |       ||     3
  Eat: Chunk             |       |     5 |    16 |    11 |    38 |    15 |     2 ||    87
       Ration            |       |       |       |     5 |     4 |     8 |       ||    17
Armor: Leather armour    |    37 |    12 |       |       |       |       |       ||    49
       Scale mail        |       |    59 |    64 |   215 |   367 |       |       ||   705
       Ring mail         |       |       |       |       |       |   112 |    20 ||   132
Dodge: Dodged            |    63 |   112 |    61 |   364 |   928 |   782 |   123 ||  2433
Block: Shield            |       |       |    51 |   476 |  1168 |   843 |   108 ||  2646
